AoeStats
← Lord Adotar

Enclosed

504777060Analyzed
1v1 RM · 24d ago on Sep 6, 2026· 50m 21s· 2 players
Game mode
Random Map
Map size
Tiny (2 player)
Population
200
Speed
Normal
Resources
Standard
Victory
Conquest
Starting age
Dark Age
Ending age
Imperial Age
RankedLock teamsTeams togetherTeam positionsShared explorationLock speedFull tech treeHidden civsTurbo modeCheats
Victory
Defeat
🇻🇪 Koreans · Venezuela
907
+18
🇺🇸 Italians · United States
959
-18
Legiones BrewMaster
2:48 Loom
11:49 Feudal Age
12:49 Town Watch
12:58 Horse Collar
14:15 Wheelbarrow
14:41 Gold Mining
17:40 Castle Age
15:48 Double-Bit Axe
19:17 Padded Archer Armor
19:08 Fletching
21:14 Bodkin Arrow
21:35 Leather Archer Armor
26:18 Ballistics
27:46 Masonry
28:16 Elite Skirmisher
44:30 Gold Mining
46:55 Bow Saw
49:44 Heavy Plow
Lord Adotar
6:35 Loom
9:38 Feudal Age
10:19 Double-Bit Axe
15:18 Horse Collar
18:17 Fletching
18:55 Town Watch
22:05 Castle Age
23:13 Thumb Ring
22:29 Crossbowman
23:09 Bodkin Arrow
27:25 Heavy Plow
27:19 Gold Mining
27:40 Bow Saw
31:41 Town Patrol
32:38 Wheelbarrow
36:43 Hand Cart
41:31 Imperial Age
41:51 Capped Ram
42:55 Arbalester
44:16 Bracer
44:28 Eupseong
45:31 Ballistics
46:15 Chemistry
Connection lost

Rejoining the realm…

Still unreachable

The connection could not be restored.

Session expired

The server has moved on; the page needs a fresh start.